AoeStats
← Kalgur

Arabia

503823019Analyzed
1v1 RM · 1mo ago on Sep 2, 2026· 44m 53s· 2 players
Game mode
Random Map
Map size
Tiny (2 player)
Population
200
Speed
Normal
Resources
Standard
Victory
Conquest
Starting age
Dark Age
Ending age
Imperial Age
RankedLock teamsTeams togetherTeam positionsShared explorationLock speedFull tech treeHidden civsTurbo modeCheats
Victory
Defeat
🇷🇺 Poles · Russia
773
+14
🇫🇷 Goths · France
725
-14
Didier-Khaled
4:57 Loom
10:43 Feudal Age
15:11 Double-Bit Axe
15:20 Gold Mining
16:46 Horse Collar
22:15 Castle Age
22:24 Forging
22:14 Scale Mail Armor
22:41 Stone Mining
29:04 Anarchy
34:29 Imperial Age
36:54 Pikeman
Kalgur
12:21 Feudal Age
13:40 Loom
21:32 Castle Age
20:03 Double-Bit Axe
23:29 Pikeman
27:07 Horse Collar
28:11 Scale Barding Armor
28:19 Forging
31:53 Imperial Age
30:18 Heavy Plow
30:14 Gold Mining
30:46 Bloodlines
30:39 Husbandry
31:02 Szlachta Privileges
31:59 Iron Casting
32:31 Chain Barding Armor
32:16 Cavalier
34:05 Conscription
35:01 Blast Furnace
Connection lost

Rejoining the realm…

Still unreachable

The connection could not be restored.

Session expired

The server has moved on; the page needs a fresh start.